Map: New Gettysburg LE

Players

GulligKanin

  • Race: Protoss Protoss
  • League: Grandmaster

Love

  • Race: Protoss Protoss
  • League: Grandmaster

WESTWOOD

  • Race: Zerg Zerg
  • League: Master

SleepyWhale

  • Race: Zerg Zerg
  • League: Platinum

VOD

Have the link to the VOD?

Description

Time

  • Played on: Oct. 27, 2016, 6:28 a.m.
  • Length: 10:36
Show
View Real Time Build Order
Export as new Build Order

GulligKanin Protoss 

Build Orders: 1 Gate Expand, Oracle Opening 

Get SALT Encoding   

  12  0:01  Probe (Chrono Boost)  
  13  0:11  Probe (Chrono Boost)  
  14  0:18  Pylon  
  14  0:22  Probe (Chrono Boost)  
  15  0:37  Probe (Chrono Boost)  
  15  0:40  Gateway  
  16  0:47  Probe (Chrono Boost)  
  16  0:48  Assimilator  
  17  0:58  Probe (Chrono Boost)  
  18  1:08  Probe (Chrono Boost)  
  19  1:18  Pylon  
  19  1:19  Probe (Chrono Boost)  
  20  1:34  Nexus, Unknown  
  20  1:42  Cybernetics Core  
  20  1:48  Probe (Chrono Boost)  
  20  1:53  Assimilator  
  21  1:58  Probe (Chrono Boost)  
  22  2:02  Pylon  
  22  2:09  Probe (Chrono Boost)  
  23  2:17  Adept  
  23  2:20  Warp Gate  
  23  2:22  Probe (Chrono Boost)  
  26  2:30  Stargate  
  26  2:36  Probe (Chrono Boost)  
  27  2:44  Adept  
  27  2:45  Unknown  
  27  2:49  Probe (Chrono Boost)  
  27  2:50  Probe (Chrono Boost)  
  31  3:00  Probe (Chrono Boost)  
  31  3:01  Probe (Chrono Boost)  
  33  3:11  Mothership Core (Chrono Boost), Oracle  
  36  3:13  Probe (Chrono Boost)  
  39  3:25  Probe (Chrono Boost)  
  40  3:27  Adept  
  40  3:29  Probe (Chrono Boost)  
  43  3:37  Probe (Chrono Boost)  
  43  3:40  Probe (Chrono Boost)  
  46  3:49  Probe (Chrono Boost)  
  46  3:57  Pylon  
  46  4:07  Probe (Chrono Boost)  
  46  4:08  Probe (Chrono Boost)  
  46  4:09  Nexus, Unknown  
  46  4:16  Phoenix  
  44  4:17  Probe (Chrono Boost)  
  44  4:20  Probe (Chrono Boost), Stargate  
  48  4:24  Gateway  
  48  4:26  Gateway  
  48  4:30  Adept  
  50  4:33  Probe (Chrono Boost)  
  50  4:34  Probe (Chrono Boost)  
  52  4:39  Pylon  
  52  4:42  Assimilator  
  52  4:51  Probe (Chrono Boost)  
  53  4:55  Phoenix  
  53  4:56  Probe (Chrono Boost)  
  53  4:58  Assimilator  
  56  5:02  Phoenix  
  56  5:04  Adept  
  61  5:07  Probe (Chrono Boost)  
  61  5:13  Nexus, Unknown  
  61  5:21  Probe (Chrono Boost)  
  62  5:22  Pylon  
  62  5:26  Pylon  
  62  5:31  Pylon  
  62  5:33  Probe (Chrono Boost)  
  62  5:37  Phoenix x2  
  62  5:42  Probe (Chrono Boost)  
  67  5:45  Probe (Chrono Boost)  
  68  5:51  Adept x3  
  68  5:54  Probe (Chrono Boost)  
  76  5:57  Probe (Chrono Boost)  
  76  5:58  Phoenix x2  
  80  6:05  Pylon  
  80  6:06  Probe (Chrono Boost)  
  80  6:08  Pylon  
  80  6:09  Probe (Chrono Boost)  
  83  6:18  Probe (Chrono Boost)  
  83  6:20  Phoenix x2  
  83  6:21  Probe (Chrono Boost)  
  83  6:25  Unknown  
  88  6:30  Probe (Chrono Boost)  
  88  6:31  Probe (Chrono Boost)  
  91  6:33  Probe (Chrono Boost)  
  91  6:38  Robotics Facility  
  91  6:39  Robotics Facility  
  91  6:42  Probe (Chrono Boost)  
  91  6:43  Forge  
  91  6:46  Probe (Chrono Boost)  
  94  6:47  Probe (Chrono Boost)  
  94  6:53  Phoenix x2  
  95  6:54  Probe (Chrono Boost)  
  95  6:56  Probe (Chrono Boost)  
  95  7:00  Pylon  
  100  7:04  Pylon  
  100  7:08  Assimilator  
  100  7:12  Probe x2 (Chrono Boost), Assimilator  
  102  7:16  Probe (Chrono Boost)  
  102  7:19  Protoss Ground Weapons Level 1  
  104  7:23  Immortal x2  
  104  7:24  Probe x2 (Chrono Boost)  
  113  7:32  Probe (Chrono Boost)  
  113  7:36  Probe (Chrono Boost)  
  115  7:38  Pylon  
  115  7:48  Nexus, Unknown  
  115  7:49  Pylon  
  115  7:57  Zealot  
  115  7:58  Probe x2 (Chrono Boost), Zealot x2  
  123  7:59  Immortal  
  123  8:01  Twilight Council  
  123  8:03  Immortal  
  131  8:19  Stalker x3  
  134  8:33  Pylon  
  125  8:36  Gateway  
  125  8:38  Gateway  
  109  8:42  Gateway  
  109  8:43  Adept x3  
  109  8:47  Mothership Core (Chrono Boost)  
  105  8:52  Probe (Chrono Boost)  
  105  8:55  Probe (Chrono Boost)  
  107  9:00  Gateway x2  
  108  9:04  Probe (Chrono Boost)  
  108  9:05  Probe (Chrono Boost), Templar Archives  
  108  9:07  Probe (Chrono Boost), Immortal x2  
  108  9:08  Zealot  
  108  9:09  Zealot x2  
  111  9:17  Probe (Chrono Boost)  
  111  9:35  Probe x2 (Chrono Boost)  
  113  9:41  Stalker  
  113  9:44  Observer x2  
  115  9:46  Nexus, Unknown  
  115  9:48  Pylon  
  115  9:52  High Templar x4  
  123  9:53  Zealot  
  123  9:56  Zealot x2  
  131  10:00  Pylon  
  131  10:04  Archon x2  
  130  10:13  Zealot  
  92  10:25  Zealot x3  
  92  10:26  Zealot x2  
  91  10:28  Zealot x2  
Show
View Real Time Build Order
Export as new Build Order

Love Protoss 

Build Orders:  

Get SALT Encoding   

  12  0:01  Drone  
  13  0:13  Overlord  
  13  0:18  Drone  
  14  0:31  Drone x2  
  14  0:35  Drone  
  17  0:54  Unknown, Hatchery  
  17  0:56  Drone  
  17  1:00  Drone  
  18  1:11  Extractor  
  17  1:16  Spawning Pool  
  16  1:19  Drone  
  16  1:22  Drone  
  18  1:29  Drone  
  19  1:42  Overlord  
  19  1:50  Drone  
  20  2:02  Zergling x2  
  20  2:03  Queen  
  20  2:05  Queen, Unknown  
  20  2:06  Zergling x2  
  26  2:12  Drone  
  27  2:21  Drone  
  28  2:22  Metabolic Boost  
  28  2:24  Drone  
  28  2:28  Drone  
  30  2:33  Drone  
  31  2:47  Unknown, Hatchery  
  31  2:49  Drone  
  31  2:50  Drone  
  32  3:03  Drone x3  
  32  3:05  Overlord  
  36  3:12  Drone  
  36  3:18  Overlord  
  36  3:27  Drone  
  36  3:28  Drone x5  
  42  3:34  Spore Crawler  
  42  3:36  Spore Crawler  
  42  3:37  Drone  
  42  3:39  Zergling x2  
  41  3:47  Zergling x4  
  41  3:48  Zergling x6  
  46  3:49  Zergling x2  
  46  3:51  Zergling x4  
  49  3:58  Extractor, Unknown  
  49  3:59  Extractor  
  46  4:05  Overlord  
  46  4:06  Drone x2  
  48  4:11  Queen  
  48  4:12  Drone x3  
  53  4:22  Spore Crawler  
  52  4:30  Overlord  
  49  4:31  Drone x3  
  49  4:32  Drone x2  
  49  4:34  Drone x3  
  58  4:38  Drone  
  58  4:42  Drone  
  59  4:47  Drone x2  
  57  5:02  Drone x5  
  57  5:03  Drone  
  57  5:06  Lair, Drone  
  64  5:09  Drone  
  64  5:10  Evolution Chamber  
  64  5:11  Evolution Chamber  
  64  5:12  Extractor  
  64  5:13  Drone x2  
  64  5:14  Drone x2  
  66  5:18  Drone  
  66  5:20  Roach Warren  
  66  5:22  Drone  
  66  5:25  Overlord  
  66  5:26  Drone x3  
  70  5:34  Drone x4  
  74  5:37  Overlord  
  74  5:40  Zerg Missile Weapons Level 1  
  74  5:42  Zerg Ground Armor Level 1  
  74  5:47  Extractor x2  
  74  5:48  Drone x3  
  75  5:53  Overlord x2  
  75  5:57  Unknown, Hatchery  
  74  6:05  Drone  
  74  6:07  Glial Reconstitution  
  75  6:12  Drone x2  
  75  6:14  Hydralisk Den  
  76  6:24  Roach  
  75  6:31  Overseer  
  75  6:37  Overlord x2  
  75  6:43  Hydralisk x3  
  75  6:44  Pneumatized Carapace, Hydralisk x7  
  93  6:47  Overlord x3  
  93  6:49  Zergling x8  
  93  6:54  Drone x2  
  98  6:57  Drone  
  98  6:58  Drone x2  
  98  6:59  Drone  
  99  7:03  Muscular Augments  
  99  7:08  Unknown  
  99  7:12  Hydralisk x3  
  99  7:13  Hydralisk x3  
  110  7:16  Overlord x2  
  108  7:26  Roach x5  
  108  7:27  Roach  
  108  7:29  Queen  
  119  7:40  Spore Crawler  
  119  7:41  Queen  
  119  7:43  Hydralisk x3  
  124  7:45  Hydralisk  
  124  7:46  Hydralisk  
  124  7:50  Hydralisk  
  128  8:00  Zerg Missile Weapons Level 2  
  128  8:03  Zergling x2  
  128  8:04  Zergling x16  
  137  8:08  Queen  
  130  8:35  Hydralisk x2  
  130  8:36  Hydralisk x10  
  141  8:43  Hydralisk x2  
  141  8:45  Roach  
  140  8:50  Roach  
  140  8:51  Roach x2  
  140  8:52  Zergling x2  
  140  8:53  Zergling x6  
  148  8:56  Overlord  
  148  9:01  Hydralisk x2  
  145  9:14  Zergling x4  
  145  9:15  Zergling x12  
  145  9:16  Zergling x2  
  152  9:19  Zergling x4  
  152  9:20  Zergling x2  
  155  9:27  Drone x2  
  155  9:28  Drone  
  159  9:31  Drone  
  159  9:39  Spire  
  159  9:45  Ravager  
  159  9:47  Ravager  
  159  9:48  Zergling x6  
  159  9:49  Zergling x8  
  159  9:50  Overlord  
  167  9:53  Overlord  
  159  10:14  Baneling Nest  
  159  10:16  Zergling x8  
  159  10:17  Zergling x22  
  159  10:19  Zergling x2  
Show
View Real Time Build Order
Export as new Build Order

WESTWOOD Zerg 

Build Orders:  

Get SALT Encoding   

Show
View Real Time Build Order
Export as new Build Order

SleepyWhale Zerg 

Build Orders:  

Get SALT Encoding   

Tags
 
Add a new tag
Caveats
  • Supply blocks, unpowered buildings, or Contaminate may cause inaccurate times.
  • Supply counts are checked every 10 seconds.